 Dungeon Crawl Stone Soup version 0.26-a0-639-g72c4674329 (webtiles) character file.

Game seed: 12443370529152700609

(classic levelgen) 35538 EnegeticOcto the Severer (level 13, -6/117 HPs)
             Began as a Deep Dwarf Fighter on Sept 28, 2020.
             Was a High Priest of Makhleb.
             Mangled by a stone giant (8 damage)
             ... on level 1 of the Orcish Mines.
             The game lasted 00:07:01 (7253 turns).

EnegeticOcto the Severer (Deep Dwarf Fighter)       Turns: 7253, Time: 00:07:01

Health: -6/117     AC: 19    Str: 23    XL:     13   Next: 48%
Magic:  0/14       EV:  6    Int: 17    God:    Makhleb [*****.]
Gold:   372        SH: 12    Dex: 12    Spells: 12/12 levels left

rFire    + . .     SeeInvis +   a - +0 broad axe
rCold    . . .     Faith    .   c - +0 kite shield
rNeg     . . .     Spirit   +   D - +0 plate armour
rPois    +         Reflect  .   I - +2 helmet
rElec    .         Harm     .   (no cloak)
rCorr    .         Rampage  .   (no gloves)
MR       +....                  q - +0 pair of boots
Stlth    ..........             b - amulet "Zyasmaph" {Spirit rPois}
HPRegen  0.00/turn              m - ring "Unkal" {+Fly rF+ Int+6 SInv Stlth+}
MPRegen  0.14/turn              (no ring)

@: non-regenerating
A: damage resistance, heal wounds, sense surroundings 2, no regeneration
a: Heal Wounds, Minor Destruction, Lesser Servant of Makhleb, Major Destruction,
Greater Servant of Makhleb, Renounce Religion, Evoke Flight


You were on level 1 of the Orcish Mines.
You worshipped Makhleb.
Makhleb was extremely pleased with you.
You visited 3 branches of the dungeon, and saw 14 of its levels.
You also visited: Sewer.

You collected 908 gold pieces.
You spent 536 gold pieces at shops.

Inventory:

Hand Weapons
 a - a +0 broad axe (weapon)
 F - a +2 war axe
Missiles
 v - 2 throwing nets (quivered)
Armour
 c - a +0 kite shield (worn)
 q - a +0 pair of boots (worn)
 D - a +0 plate armour (worn)
 I - a +2 helmet (worn)
Jewellery
 b - the amulet "Zyasmaph" (around neck) {Spirit rPois}
   (You found it on level 10 of the Dungeon)

   [amulet of guardian spirit]

   It causes incoming damage to be split between your health and magic.
   It protects you from poison.
 m - the ring "Unkal" (left hand) {+Fly rF+ Int+6 SInv Stlth+}
   (You acquired it on level 11 of the Dungeon)

   [ring of flight]

   It affects your intelligence (+6).
   It protects you from fire.
   It lets you see invisible.
   It lets you fly.
   It makes you more stealthy.
Wands
 l - a wand of disintegration (13)
 n - a wand of enslavement (8)
 u - a wand of acid (23) {@v1}
 x - a wand of digging (12) {@v3}
 A - a wand of paralysis (14)
 B - a wand of iceblast (13) {@v2}
Scrolls
 f - 7 scrolls of teleportation {@r3}
 h - 2 scrolls of magic mapping {@r5}
 i - a scroll of immolation {@r4}
 k - 6 scrolls of remove curse {@r2}
 r - 2 scrolls of enchant weapon
Potions
 d - 3 potions of might {@q3}
 e - a potion of ambrosia
 g - a potion of heal wounds {@q2}
 o - a potion of berserk rage
 p - 4 potions of magic
 t - 5 potions of curing {@q1}
 w - a potion of lignification {@q7}
 z - a potion of mutation
 C - a potion of invisibility
 G - a potion of cancellation
 H - 4 potions of haste {@q4}
Miscellaneous
 j - a condenser vane (1/2)


   Skills:
 + Level 8.0 Fighting
 * Level 15.3 Axes
 + Level 9.5 Armour
 + Level 9.5 Shields
 + Level 8.8 Invocations
 - Level 10.7 Evocations


You had 12 spell levels left.
You didn't know any spells.
Your spell library was empty.

Dungeon Overview and Level Annotations

Branches:
Dungeon (12/15)            Temple (1/1) D:4            Lair (0/6) D:8
    Orc (1/2) D:12          Sewer (visited)

Altars:
Ashenzari
Cheibriados
Dithmenos
Elyvilon
Fedhas
Gozag
Hepliaklqana
Kikubaaqudgha
Makhleb
Nemelex Xobeh
Okawaru
Qazlal
Ru
Sif Muna
Trog
Uskayaw
Vehumet
Wu Jian
Xom
Yredelemnul
Zin
The Shining One

Shops:
D:4 *   D:5 (   D:8 !?}[   D:11 !}}!*   Orc:1 *

Annotations:
D:4 exclusion: oklob plant
D:8 exclusion: centaur
D:12 1 runed translucent door, PanSaczeczos's ghost, journeyman GrAE


Innate Abilities, Weirdness & Mutations

You are resistant to damage.
You can heal yourself by infusing magical energy.
You passively map the area around you.
You do not regenerate.


Message History

The orc warlord is heavily wounded.
An orc priest comes into view. It is wielding a +0 trident.
The orc priest calls upon Beogh to heal the orc warlord.
The orc warlord is healed somewhat.
You hit the orc warlord.
The orc warlord is heavily wounded.
The orc warlord is engulfed in freezing vapours.
The orc warlord roars a battlecry!
The orc warrior throws a boomerang.
The boomerang barely misses you.
The weapon returns to the orc warrior!
The stone giant is engulfed in freezing vapours.
The stone giant throws a large rock.
The large rock hits you!!
* * * LOW HITPOINT WARNING * * *
You hear a shout!
You are too injured to fight recklessly!
You are too injured to fight recklessly!
You are too injured to fight recklessly!
You are too injured to fight recklessly!
You are too injured to fight recklessly!
You are too injured to fight recklessly!
You are too injured to fight recklessly!
You are too injured to fight recklessly!
You are too injured to fight recklessly!
You are too injured to fight recklessly!
You are too injured to fight recklessly!
You are too injured to fight recklessly!
You feel much better.
You hear a shout! x2
The ettin is engulfed in freezing vapours.
An ogre comes into view. It is wielding a +0 giant spiked club.
The orc warlord is engulfed in freezing vapours.
You block the orc warlord's attack.
The orc warrior throws a boomerang.
The boomerang hits you.
The weapon returns to the orc warrior!
The ettin is engulfed in freezing vapours.
The ettin barely misses you. You block the ettin's attack.
You feel much better.
The orc warlord hits you with a +0 great mace!
An orc knight comes into view. It is wielding a +0 great sword.
The stone giant is engulfed in freezing vapours.
The stone giant hits you!
The orc warrior throws a boomerang.
The boomerang hits you.
The weapon returns to the orc warrior!
You feel much better.
The ettin is engulfed in freezing vapours.
You block the ettin's attack. The ettin hits you but does no damage.
The orc priest mumbles some strange prayers to Beogh against you.
Beogh smites you!
The orc priest calls down the wrath of Beogh upon you.
Beogh smites you!
The orc warrior throws a boomerang.
You block the boomerang.
The weapon returns to the orc warrior!
The orc warlord is engulfed in freezing vapours.
The orc warlord hits you with a +0 great mace!!
The stone giant is engulfed in freezing vapours.
You block the stone giant's attack.
You feel much better.
The orc priest mumbles some strange prayers to Beogh against you.
Beogh smites you!
The ettin is engulfed in freezing vapours.
The ettin hits you with a +0 dire flail!!!
* * * LOW HITPOINT WARNING * * *
You block the ettin's attack.
The orc knight is engulfed in freezing vapours.
You block the stone giant's attack.
You hear a shout!
You feel much better.
The orc warlord is engulfed in freezing vapours.
The orc warlord roars a battlecry!
The ettin is engulfed in freezing vapours.
You block the ettin's attack. x2; The orc warrior throws a boomerang.
The boomerang hits you but does no damage.
The weapon returns to the orc warrior!
The stone giant is engulfed in freezing vapours.
The stone giant hits you!!
* * * LOW HITPOINT WARNING * * *
You hear a shout!
Okay, then.
You feel much better.
The orc warlord is engulfed in freezing vapours.
The orc warlord roars a battlecry!
The ettin is engulfed in freezing vapours.
You block the ettin's attack.
The ettin hits you with a +2 dire flail of protection!!
* * * LOW HITPOINT WARNING * * *
The orc knight roars a battlecry!
The orc warlord goes into a battle-frenzy!
An orc comes into view. It is wielding a +0 hand axe.
The orc warrior throws a boomerang.
You block the boomerang.
The weapon returns to the orc warrior!
The stone giant is engulfed in freezing vapours.
The stone giant hits you.
You feel much better.
The orc priest calls upon Beogh to heal the orc knight.
The orc knight is healed somewhat.
The orc warlord is engulfed in freezing vapours.
You block the orc warlord's attack. You block the ettin's attack.
The ettin hits you with a +2 dire flail of protection!!!
* * * LOW HITPOINT WARNING * * *
The orc knight roars a battlecry!
The stone giant is engulfed in freezing vapours.
The stone giant hits you!
You die... * * , , ooO#

##..## , , ,
§○§§ ##.... * ,
,, °○°§..#...# *
,,§§§°§ ....## *
, §§○§§°.....#
,# , ,,,
..§§○§#§§..#...
* * >
.....§)§§..$..#,
* , ,,
∩...o§§@§§.....
,
,....O§CoC§...##
, ,,
,,.....§§§§#.###
, ,
,,.......o.#*#*
, * ,........o.
, , .§§§#......
, , .§§#..o§§§.
,,, ,
.§§§...§§#.# ,
,, , ,, * , , ,


You could see an orc warlord (strong), a stone giant, an orc knight (strong), an
ettin, an orc warrior, 2 ogres, 3 orc priests and an orc (strong).

Vanquished Creatures
  A centaur warrior (D:10)
  3 two-headed ogres
  An unseen horror (D:10)
  2 ugly things
  A cyclops (D:12)
  4 centaur zombies
  A gargoyle (D:10)
  2 trolls
  A hornet (D:12)
  Grinder (D:3)
  A hippogriff (D:12)
  A vampire (D:11)
  20 yaks
  A wraith (D:12)
  Eustachio (D:5)
  A basilisk (D:11)
  8 vampire mosquitoes (D:12)
  Grum (D:8)
  4 wargs
  Menkaure (D:5)
  Purgy (Sewer)
  11 orc warriors
  3 sky beasts
  6 ice beasts
  2 black bears
  An eye of draining (D:10)
  7 phantoms
  4 necrophages
  4 wolves (D:8)
  5 ogres
  11 centaurs
  2 bullfrogs
  A wyvern zombie (D:12)
  A wyvern skeleton (D:12)
  2 scorpions (D:12)
  15 wights
  3 electric eels (D:8)
  2 bullfrog zombies
  A quasit (D:5)
  7 orc priests
  2 bullfrog skeletons
  6 jellies
  7 hounds
  9 orc wizards
  8 centaur skeletons
  Ijyb (D:3)
  2 iguanas
  15 worker ants
  2 hound skeletons
  A mummy (D:12)
  A worker ant zombie (D:10)
  7 adders
  4 gnolls (D:6)
  3 shadow imps
  5 white imps
  An ufetubus (D:10)
  2 oozes
  3 adder skeletons
  4 worms
  5 leopard geckos
  58 orcs
  7 bats
  4 giant cockroaches
  2 hobgoblins (D:2)
  9 jackals
  5 quokkas
  A frilled lizard (D:4)
  2 goblins
  A jackal zombie (D:6)
  4 kobolds (D:3)
  3 rats
329 creatures vanquished.

Vanquished Creatures (others)
  A worker ant (D:5)
  60 plants
61 creatures vanquished.

Grand Total: 390 creatures vanquished

Notes
Turn   | Place    | Note
-------+----------+-------------------------------------------
     0 | D:1      | EnegeticOcto the Deep Dwarf Fighter began the quest for the
                  | Orb.
     0 | D:1      | Reached XP level 1. HP: 20/20 MP: 1/1
   162 | D:2      | Noticed an orc priest
   175 | D:2      | Killed an orc priest
   175 | D:2      | Reached skill level 3 in Axes
   175 | D:2      | Reached XP level 2. HP: 22/28 MP: 2/2
   175 | D:2      | Reached XP level 3. HP: 27/34 MP: 3/3
   286 | D:3      | Found a radiant altar of Vehumet.
   367 | D:3      | Noticed Grinder
   387 | D:3      | Killed Grinder
   387 | D:3      | Reached skill level 4 in Axes
   387 | D:3      | Reached XP level 4. HP: 30/43 MP: 4/4
   387 | D:3      | Reached XP level 5. HP: 34/49 MP: 5/5
   420 | D:3      | Reached XP level 6. HP: 34/57 MP: 6/6
   443 | D:3      | Noticed Ijyb
   449 | D:3      | HP: 2/57 [disintegration (29)]
   457 | D:3      | Killed Ijyb
   472 | D:3      | Reached skill level 5 in Axes
   622 | D:4      | Found a glowing drain.
   630 | Sewer    | Entered a sewer
   657 | Sewer    | Noticed Purgy
   669 | Sewer    | Killed Purgy
   792 | D:4      | Reached XP level 7. HP: 47/64 MP: 7/7
   911 | D:4      | Found Otiroraa's Assorted Antiques.
   958 | D:4      | Found a staircase to the Ecumenical Temple.
   982 | Temple   | Entered the Ecumenical Temple
  1314 | D:4      | Found a blossoming altar of Fedhas.
  1337 | D:4      | Noticed an oklob plant
  1654 | D:5      | Entered Level 5 of the Dungeon
  1665 | D:5      | Noticed Menkaure
  1672 | D:5      | Killed Menkaure
  1672 | D:5      | Reached skill level 6 in Axes
  1672 | D:5      | Reached skill level 5 in Armour
  1672 | D:5      | Reached skill level 5 in Shields
  1724 | D:5      | Found Nufoaq's Weapon Emporium.
  1742 | D:5      | Found a sacrificial altar of Ru.
  1788 | D:5      | Found a glowing golden altar of the Shining One.
  1798 | D:5      | Noticed Eustachio
  1815 | D:5      | Killed Eustachio
  1815 | D:5      | Reached XP level 8. HP: 46/73 MP: 8/8
  1881 | D:5      | Found a burning altar of Makhleb.
  1990 | D:5      | Reached skill level 7 in Axes
  2318 | D:5      | Became a worshipper of Makhleb the Destroyer
  2469 | D:6      | Reached skill level 1 in Invocations
  2483 | D:6      | Found a snail-covered altar of Cheibriados.
  2556 | D:6      | Reached skill level 5 in Fighting
  2952 | D:7      | Reached * piety under Makhleb
  2999 | D:7      | Reached skill level 8 in Axes
  3342 | D:7      | Gained mutation: You passively map the area around you.
                  | [Deep Dwarf growth]
  3342 | D:7      | Reached XP level 9. HP: 65/81 MP: 11/11
  3706 | D:7      | Found a basalt altar of Yredelemnul.
  3706 | D:7      | Found an ornate altar of the Wu Jian Council.
  3744 | D:8      | Found Ileozisch's Gadget Shop.
  3745 | D:8      | Found Panad's Magic Scroll Shop.
  3758 | D:8      | Found Dulempyz's Distillery.
  3873 | D:8      | Reached skill level 9 in Axes
  3999 | D:8      | Found a staircase to the Lair.
  4003 | D:8      | Noticed Grum
  4011 | D:8      | Reached ** piety under Makhleb
  4011 | D:8      | Reached skill level 5 in Invocations
  4033 | D:8      | Killed Grum
  4033 | D:8      | Reached XP level 10. HP: 60/91 MP: 8/8
  4187 | D:8      | Reached skill level 10 in Axes
  4283 | D:8      | Found Dikaoggi's Antique Armour Boutique.
  4311 | D:8      | Bought a condenser vane (2/2) for 240 gold pieces
  4319 | D:8      | Bought a potion of haste for 140 gold pieces
  4632 | D:9      | Noticed a two-headed ogre
  4644 | D:9      | Killed a two-headed ogre
  4695 | D:9      | Found an ancient bone altar of Kikubaaqudgha.
  4911 | D:9      | Reached skill level 14 in Axes
  4911 | D:9      | Reached XP level 11. HP: 57/99 MP: 10/10
  4912 | D:9      | Reached skill level 10 in Evocations
  4912 | D:9      | Reached XP level 12. HP: 61/106 MP: 11/11
  4926 | D:10     | Entered Level 10 of the Dungeon
  4972 | D:10     | Found a snail-covered altar of Cheibriados.
  4972 | D:10     | Noticed a centaur warrior
  4985 | D:10     | Killed a centaur warrior
  5083 | D:10     | Reached *** piety under Makhleb
  5296 | D:10     | Got a faintly glowing garnet amulet
  5858 | D:11     | Reached XP level 13. HP: 90/115 MP: 13/13
  5895 | D:11     | Found Kakomeef's Distillery.
  5961 | D:11     | Reached **** piety under Makhleb
  5973 | D:11     | Identified a scroll of acquirement
  5973 | D:11     | Acquired the ring "Unkal" {+Fly rF+ Int+6 SInv Stlth+}
  6124 | D:11     | Found Igiublescha's General Store.
  6240 | D:11     | Found Bycwo's Gadget Shoppe.
  6273 | D:11     | Found Xuisiwir's Gadget Shoppe.
  6401 | D:11     | Found Vuacs's Distillery.
  6422 | D:11     | Bought a potion of might for 52 gold pieces
  6422 | D:11     | Bought a potion of invisibility for 104 gold pieces
  6569 | D:12     | Reached skill level 15 in Axes
  6704 | D:12     | Found a runed translucent door.
  6707 | D:12     | Noticed PanSaczeczos's ghost (journeyman GrAE)
  6750 | D:12     | Found a staircase to the Orcish Mines.
  6770 | D:12     | Reached ***** piety under Makhleb
  7217 | Orc:1    | Entered Level 1 of the Orcish Mines
  7217 | Orc:1    | Found Pasiygom's Assorted Antiques.
  7217 | Orc:1    | Noticed an orc warlord
  7217 | Orc:1    | Noticed a stone giant
  7218 | Orc:1    | Identified the amulet "Zyasmaph" {Spirit rPois} (You found
                  | it on level 10 of the Dungeon)
  7239 | Orc:1    | Noticed an ettin
  7253 | Orc:1    | HP: 2/117 [ettin/+0 dire flail (35)]
  7253 | Orc:1    | Mangled by a stone giant

Illustrated notes

Levels and vault maps discovered:
D:1:      heliophobic_arrival_glass_houses, layout_basic
D:2:      layout_loops_ring, chequers_ecumenical_altar_twisty
D:3:      wad_woods_tower, layout_rooms, vehumet_crystals, uniq_ijyb,
          uniq_grinder
D:4:      cheibrodos_helix_gallery, layout_loops_cross,
          minmay_temple_entry_overgrown, serial_shops, shop,
          gup_sewer_entry_bubbles, tgw_fedhas
D:5:      layout_rooms, kennysheep_mini_moat, nicolae_ru_awakened_eye,
          nicolae_overflow_hidden_temple, serial_shops, kennysheep_mini,
          uniq_eustachio, uniq_menkaure
D:6:      layout_basic, lemuel_doored_altar, kennysheep_generic_room_10
D:7:      layout_basic, gammafunk_temple_overflow_statue
D:8:      layout_loops_ring, erik_lair_orcish_takeover, serial_bayou,
          serial_bayou_pond_a, serial_bayou_pond_d, serial_bayou_ford_a,
          serial_bayou_crossing, serial_shops, shop, nicolae_shop_statue_plus,
          shop, shop, centaur_isle, uniq_grum
D:9:      layout_rooms, marbit_many_paths, grunt_decor_fettered
D:10:     layout_gridville, minmay_ruined_shrine
D:11:     layout_roguey, serial_shops, nicolae_shop_behind_doors, shop_coins,
          shop, shop, shop
D:12:     layout_loops_ring, orc_david_3, serial_undead, serial_undead_a,
          serial_undead_d, serial_undead_c, serial_undead_e,
          ebering_ghost_reflecting_pool
Temple:   eino_narrow_crystal_temple
Orc:1:    layout_caves, serial_shops, shop

Skill      XL: |  1  2  3  4  5  6  7  8  9 10 11 12 13 |
---------------+----------------------------------------+-----
Fighting       | 3 4 5 6 7 8 |  8.0
Axes           | 3 4 5 6 8 9 14 15 | 15.3
Armour         | 4 5 6 7 8 9 |  9.5
Shields        | 4 5 6 7 8 9 |  9.5
Invocations    | 3 5 6 7 8 |  8.8
Evocations     | 10 | 10.7

Action                   |  1- 3 |  4- 6 |  7- 9 | 10-12 | 13-15 || total
-------------------------+-------+-------+-------+-------+-------++-------
Melee: War axe           |    59 |   101 |    31 |    11 |       ||   202
       Hand axe          |       |       |   298 |   217 |       ||   515
       Broad axe         |       |       |       |   126 |   377 ||   503
 Abil: Heal Wounds       |     3 |     2 |    12 |     1 |    14 ||    32
Evoke: Wand              |       |       |     3 |       |       ||     3
       Condenser vane    |       |       |       |       |     1 ||     1
  Use: Scroll            |       |       |    19 |     5 |     2 ||    26
       Potion            |       |       |       |     2 |       ||     2
Armor: Scale mail        |    19 |       |       |       |       ||    19
       Chain mail        |     3 |    75 |    76 |       |       ||   154
       Plate armour      |       |       |   110 |   180 |   203 ||   493
Dodge: Dodged            |    22 |    32 |    67 |    57 |    69 ||   247
Block: Kite shield       |    28 |    73 |   169 |   176 |   222 ||   668

Table legend: (Time is in decaauts)
 A = Elapsed time spent in this place.
 B = Non-inter-level travel time spent in this place.
 C = Inter-level travel time spent in this place.
 D = Time resting spent in this place.
 E = Time spent auto-exploring this place.
 F = Levels seen in this place.
 G = Mean time per level.
                   A        B        C        D        E       F      G
               +--------+--------+--------+--------+--------+-----+--------+
         Total |   7257 |   6845 |    412 |      0 |   4745 |  15 |  483.8 |
       Dungeon |   6945 |   6546 |    399 |      0 |   4506 |  12 |  578.8 |
        Temple |    201 |    189 |     12 |      0 |    188 |   1 |  201.0 |
  Orcish Mines |     20 |     20 |      0 |      0 |      0 |   1 |   20.0 |
         Sewer |     89 |     89 |      0 |      0 |     51 |   1 |   89.0 |
               +--------+--------+--------+--------+--------+-----+--------+

Top non-repeatable levels by time:
     D:4: 902 daAuts
     D:7: 801 daAuts
     D:6: 769 daAuts
    D:11: 753 daAuts
    D:10: 740 daAuts
    D:12: 734 daAuts
     D:9: 586 daAuts
     D:8: 575 daAuts
     D:5: 521 daAuts
     D:3: 268 daAuts
  Temple: 201 daAuts
     D:1: 148 daAuts
     D:2: 143 daAuts
   Sewer: 89 daAuts
   Orc:1: 20 daAuts
